 Dungeon Crawl Stone Soup version 0.20-a0-1065-g8446734 (webtiles) character file.

36322 Lochraine the Fighter (level 13, -8/84 HPs)
             Began as a Gargoyle Venom Mage on Apr 28, 2017.
             Was a High Priest of Nemelex Xobeh.
             Mangled by a seven-headed hydra (14 damage)
             ... on level 6 of the Lair of Beasts.
             The game lasted 01:07:32 (19191 turns).

Lochraine the Fighter (Gargoyle Venom Mage)        Turns: 19191, Time: 01:07:33

Health: -8/84      AC: 25    Str: 16    XL:     13   Next: 89%
Magic:  25/30      EV: 11    Int: 20    God:    Nemelex Xobeh [*****.]
Gold:   1007       SH:  0    Dex: 10    Spells: 7/22 levels left

rFire    + . .     SeeInvis +   Z - +3 lajatang (flame)
rCold    + . .     Gourm    .   (shield currently unavailable)
rNeg     + + .     Faith    .   I - +0 ring mail of an ice cave {rN+}
rPois    ∞         Spirit   .   u - +2 helmet {Int+3}
rElec    +         Reflect  .   A - scarf {rC+ rF+}
rCorr    .         Harm     .   r - +0 pair of gloves
MR       .....                  d - +2 pair of boots
Stlth    +.........             (no amulet)
Regen    0.3/turn               O - ring of see invisible
MPRegen  0.3/turn               T - ring of magical power

@: very slightly contaminated, hasted, very quick
A: negative energy resistance 1, electricity resistance, unbreathing,
petrification resistance, rot immunity, AC +9
a: Triple Draw, Deal Four, Stack Five, Renounce Religion


You were on level 6 of the Lair of Beasts.
You worshipped Nemelex Xobeh.
Nemelex Xobeh was extremely pleased with you.
You were not hungry.

You visited 3 branches of the dungeon, and saw 17 of its levels.
You also visited: Volcano.

You collected 1229 gold pieces.
You spent 222 gold pieces at shops.

Inventory:

Hand Weapons
 J - a +1 morningstar
 P - a +2 great mace of flaming
 Z - a +3 lajatang of flaming (weapon)
Armour
 d - a +2 pair of boots (worn)
 r - a +0 pair of gloves (worn)
 u - a +2 helmet of intelligence (worn)
 A - a scarf of resistance (worn)
 I - the +0 ring mail of an ice cave (worn) {rN+}
   (You found it on level 3 of the Lair of Beasts)

   It protects you from negative energy.
Jewellery
 O - a ring of see invisible (left hand)
 R - an uncursed ring of ice
 T - a ring of magical power (right hand)
Wands
 f - a wand of iceblast (5/15)
 v - a wand of confusion (38/48)
 z - a wand of acid (5/15)
 M - a wand of flame (35/48)
 S - a wand of confusion (30/48)
Scrolls
 i - 8 scrolls of teleportation
 n - 3 scrolls of recharging
 t - a scroll of magic mapping
 w - 3 scrolls of identify
 x - 5 scrolls of remove curse
 y - 6 scrolls of amnesia
 H - 2 scrolls of enchant armour
 N - 3 scrolls of fog
Potions
 a - a potion of mutation
 g - 8 potions of curing
 h - 2 potions of heal wounds
 j - 2 potions of magic
 k - 2 potions of invisibility
 l - 3 potions of might
 m - 2 potions of lignification
 C - 2 potions of resistance
 E - 3 potions of haste
 F - 2 potions of brilliance
 G - 2 potions of berserk rage
 K - 2 potions of flight
 Q - 2 potions of ambrosia
Books
 b - a Young Poisoner's Handbook

   Spells                             Type                      Level
   a - Sting                          Conjuration/Poison           1
   b - Poisonous Vapours              Poison/Air                   2
   c - Mephitic Cloud                 Conjuration/Poison/Air       3
   d - Olgreb's Toxic Radiance        Poison                       4
   e - Venom Bolt                     Conjuration/Poison           5
 B - a book of Changes

   Spells                             Type                      Level
   a - Beastly Appendage              Transmutation                1
   b - Sticks to Snakes               Transmutation                2
   c - Spider Form                    Transmutation/Poison         3
   d - Ice Form                       Ice/Transmutation            4
   e - Blade Hands                    Transmutation                5
 V - a book of Minor Magic

   Spells                             Type                      Level
   a - Magic Dart                     Conjuration                  1
   b - Blink                          Translocation                2
   c - Call Imp                       Summoning                    2
   d - Slow                           Hexes                        2
   e - Conjure Flame                  Conjuration/Fire             3
   f - Mephitic Cloud                 Conjuration/Poison/Air       3
Miscellaneous
 e - a legendary deck of destruction
 q - an ornate deck of destruction
 L - a plain deck of destruction {drawn: 7}
 U - a plain deck of escape
 W - a plain deck of summoning {drawn: 3}
 X - an ornate deck of summoning {drawn: 2}
Comestibles
 c - 15 bread rations
 o - 23 fruits
 p - 7 royal jellies
 D - 5 meat rations


   Skills:
 + Level 10.9 Fighting
 - Level 8.5(9.2) Maces & Flails
 + Level 5.2(7.6) Staves
 + Level 10.9 Armour
 - Level 1.5 Dodging
 - Level 2.1 Stealth
   Level 4.4 Shields
 - Level 5.1 Spellcasting
 - Level 5.9 Conjurations
 - Level 2.0 Translocations
 - Level 4.2 Air Magic
 - Level 7.6 Poison Magic
 + Level 10.9 Invocations


You had 7 spell levels left.
You knew the following spells:

 Your Spells              Type           Power        Failure   Level  Hunger
a - Sting                 Conj/Pois      ####         1%          1    None
b - Poisonous Vapours     Pois/Air       ####..       2%          2    None
c - Mephitic Cloud        Conj/Pois/Air  ####....     4%          3    ##.....
d - Olgreb's Toxic Radia  Pois           #####...     8%          4    ####...
e - Blink                 Tloc           N/A          12%         2    None
f - Conjure Flame         Conj/Fire      ###.....     16%         3    ##.....


Dungeon Overview and Level Annotations

Branches:
Dungeon (10/15)            Temple (1/1) D:5            Lair (6/6) D:10
 Shoals (0/4) Lair:3       Spider (0/4) Lair:2        Slime (0/5) Lair:5
    Orc (0/2) D:9

Altars:
Ashenzari
Cheibriados
Dithmenos
Elyvilon
Fedhas
Gozag
Hepliaklqana
Kikubaaqudgha
Makhleb
Nemelex Xobeh
Okawaru
Qazlal
Ru
Sif Muna
Trog
Uskayaw
Vehumet
Wu Jian
Xom
Yredelemnul
Zin
The Shining One

Shops:
D:6 *   D:7 !*(:

Annotations:
Lair:4 exclusion: 2 oklob plants


Innate Abilities, Weirdness & Mutations

You are resistant to torment.
Your stone body is resilient. (AC +9)
You are immune to poison.
You resist negative energy. (rN+)
You are resistant to electric shocks. (rElec)
You can survive without breathing.
You are immune to petrification.
You are immune to rotting.


Message History

Okay, then.
You feel yourself speed up.
The salamander hits you but does no damage.
The seven-headed hydra barely misses you.
The seven-headed hydra bites you but does no damage.
The seven-headed hydra bites you!
The seven-headed hydra bites you but does no damage. x2
The seven-headed hydra barely misses you.
The seven-headed hydra bites you!!
* * * LOW HITPOINT WARNING * * *
The salamander hits you but does no damage.
The seven-headed hydra bites you!
* * * LOW HITPOINT WARNING * * *
The seven-headed hydra barely misses you.
The seven-headed hydra bites you but does no damage. x2
The seven-headed hydra bites you.
* * * LOW HITPOINT WARNING * * *
The seven-headed hydra bites you!
You die...
Your body glows with a rainbow of weird colours and disappears.

#...................
#.........................
P...............<..........
#..........................
.................... ......
#./.................#....#
#.................##.#..##.
#................Dk........
#...............@Ny.F.....F
#..#.....##PP...###....P#.
P...###.#...P....P#.#..##..
.P..................k......
#......................y...
.P†............P#P.P...#...
P...............##...#.....
...........................
...........................


You could see a seven-headed hydra (berserk), a salamander (berserk), a
lindwurm, a moth of wrath and a spiny frog.

Vanquished Creatures
  A red draconian (Volcano)
  An ogre mage (Volcano)
  Erica (Lair:1)
  2 hydras
  5 two-headed ogres
  13 elephants
  8 black mambas
  Joseph (D:7)
  A torpor snail (Lair:5)
  7 spiny frogs
  3 rime drakes
  6 komodo dragons
  5 polar bears
  5 blink frogs
  A snapping turtle (Lair:3)
  6 hippogriffs
  Sigmund (D:2)
  2 basilisks (Lair:5)
  2 hogs (Lair:1)
  2 wyverns (Lair:5)
  10 yaks
  A soldier ant (Lair:1)
  9 water moccasins
  Duvessa (D:4)
  5 porcupines
  A black bear (D:8)
  3 orc warriors
  An ice beast (D:7)
  An ogre (D:9)
  A sky beast (D:8)
  22 wolves
  5 centaurs
  9 crocodiles
  A big kobold (D:8)
  20 bullfrogs
  Dowan (D:4)
  6 scorpions
  2 wights (D:8)
  A bullfrog zombie (D:8)
  2 jellies
  5 crimson imps
  A quasit (D:10)
  2 hounds
  18 orc wizards
  2 bullfrog skeletons (D:7)
  7 orc priests
  A centaur skeleton (D:8)
  2 iguanas
  10 worker ants
  Natasha (thrice) (D:2)
  2 hell rats (Lair:4)
  A killer bee zombie (D:6)
  2 hound zombies
  3 hound skeletons
  A worker ant zombie (D:6)
  A howler monkey skeleton (D:4)
  2 howler monkey zombies (D:8)
  18 adders
  4 gnolls
  6 river rats (Lair:4)
  2 shadow imps
  2 adder zombies
  An adder skeleton (D:6)
  6 worms
  4 dart slugs
  3 leopard geckos
  37 orcs
  8 bats
  10 giant cockroaches
  7 goblins
  7 hobgoblins
  18 jackals
  7 quokkas
  2 ball pythons
  12 frilled lizards
  26 kobolds
  A quokka skeleton (D:9)
  A quokka zombie (D:6)
  21 rats
  2 fungi (Lair:2)
  3 plants
446 creatures vanquished.

Vanquished Creatures (collateral kills)
  A hydra (Lair:1)
  Fannar (Lair:2)
  A two-headed ogre (D:8)
  Urug (Lair:2)
  An elephant (Lair:5)
  2 gargoyles (D:10)
  A komodo dragon (Lair:5)
  A hippogriff (Lair:3)
  A porcupine (Lair:2)
  An ice beast (D:9)
  A bullfrog (Lair:2)
  A wight (D:8)
  An adder (D:9)
  4 jackals (D:10)
  A quokka (D:8)
  A fungus (Lair:2)
20 creatures vanquished.

Vanquished Creatures (others)
  A two-headed ogre (D:9)
  An elephant (Lair:6)
  A yak (Lair:1)
  A water moccasin (Lair:1)
  An orc warrior (D:9)
  A sky beast (D:6)
  An ogre (D:8)
  A wolf (Lair:1)
  A quasit (D:6)
  An orc priest (D:9)
  An orc wizard (D:9)
  An adder (D:6)
  A shadow imp (D:6)
  A ball lightning (D:9)
  4 fungi
  14 plants
32 creatures vanquished.

Grand Total: 498 creatures vanquished

Notes
Turn   | Place    | Note
-------+----------+-------------------------------------------
     0 | D:1      | Lochraine the Gargoyle Venom Mage began the quest for the Orb.
     0 | D:1      | Reached XP level 1. HP: 10/10 MP: 3/3
    95 | D:1      | Reached XP level 2. HP: 15/15 MP: 1/5
   147 | D:1      | Learned a level 2 spell: Poisonous Vapours
   298 | D:1      | Reached XP level 3. HP: 11/19 MP: 3/6
   674 | D:1      | Reached skill level 1 in Air Magic
   896 | D:1      | Found a bloodstained altar of Trog.
   898 | D:1      | Found a shimmering altar of Xom.
   898 | D:1      | Found a basalt altar of Yredelemnul.
   900 | D:1      | Found an opulent altar of Gozag.
   900 | D:1      | Found a shimmering altar of Xom.
   900 | D:1      | Found a blossoming altar of Fedhas.
  1060 | D:2      | Reached XP level 4. HP: 16/24 MP: 1/7
  1617 | D:2      | Reached XP level 5. HP: 28/28 MP: 3/8
  2034 | D:2      | Noticed Natasha
  2041 | D:2      | Killed Natasha
  2166 | D:2      | Noticed Natasha
  2172 | D:2      | Killed Natasha
  2172 | D:2      | Reached XP level 6. HP: 21/32 MP: 4/9
  2352 | D:2      | Learned a level 3 spell: Mephitic Cloud
  2477 | D:2      | Noticed Sigmund
  2481 | D:2      | Killed Sigmund
  2481 | D:2      | Reached skill level 1 in Shields
  2541 | D:2      | Noticed Natasha
  2546 | D:2      | Killed Natasha
  2821 | D:3      | Reached XP level 7. HP: 29/36 MP: 7/10
  2946 | D:3      | Reached skill level 5 in Poison Magic
  3113 | D:3      | Found a shadowy altar of Dithmenos.
  3852 | D:4      | Noticed Dowan
  3862 | D:4      | Killed Dowan
  3863 | D:4      | Noticed Duvessa
  3965 | D:4      | Killed Duvessa
  4140 | D:4      | Learned a level 4 spell: Olgreb's Toxic Radiance
  4209 | D:4      | Reached skill level 5 in Conjurations
  4209 | D:4      | Reached XP level 8. HP: 41/41 MP: 6/11
  4711 | D:5      | Entered Level 5 of the Dungeon
  5168 | D:5      | Found a stormy altar of Qazlal.
  5250 | D:5      | Found a staircase to the Ecumenical Temple.
  5290 | Temple   | Entered the Ecumenical Temple
  5448 | Temple   | Became a worshipper of Nemelex Xobeh the Trickster
  5878 | D:5      | Reached skill level 1 in Invocations
  5889 | D:5      | Reached skill level 1 in Maces & Flails
  5952 | D:5      | Reached skill level 1 in Fighting
  6032 | D:5      | Received a gift from Nemelex Xobeh
  6303 | D:6      | Reached skill level 1 in Armour
  6355 | D:6      | Found Otont's Assorted Antiques.
  6364 | D:6      | Bought a scroll of identify for 60 gold pieces
  6364 | D:6      | Bought a green potion for 27 gold pieces
  6364 | D:6      | Bought a coppery potion for 27 gold pieces
  6488 | D:6      | Reached XP level 9. HP: 48/48 MP: 7/12
  6952 | D:6      | Reached * piety under Nemelex Xobeh
  7084 | D:7      | Found Oteprar's Weapon Shoppe.
  7093 | D:7      | Found Laotur's General Store.
  7263 | D:7      | Found Faot's Book Shop.
  7533 | D:7      | Noticed Joseph
  7557 | D:7      | Killed Joseph
  7682 | D:7      | Received a gift from Nemelex Xobeh
  7830 | D:7      | Found Qyiclexy's Distillery.
  7838 | D:7      | Bought a potion of flight for 36 gold pieces
  7838 | D:7      | Bought a potion of degeneration for 12 gold pieces
  7838 | D:7      | Bought a potion of heal wounds for 60 gold pieces
  8542 | D:8      | Reached ** piety under Nemelex Xobeh
  8542 | D:8      | Noticed a two-headed ogre
  8565 | D:8      | Killed a two-headed ogre
  8565 | D:8      | Reached XP level 10. HP: 44/58 MP: 3/16
  8619 | D:8      | Received a gift from Nemelex Xobeh
  8747 | D:8      | Reached skill level 5 in Armour
  9204 | D:9      | Noticed a two-headed ogre
  9325 | D:9      | Found a staircase to the Orcish Mines.
  9392 | D:9      | Found a shimmering altar of Xom.
  9413 | D:9      | Reached skill level 5 in Fighting
  9442 | D:9      | Killed a two-headed ogre
  9442 | D:9      | Reached skill level 5 in Maces & Flails
  9442 | D:9      | Reached skill level 5 in Spellcasting
  9442 | D:9      | Reached skill level 5 in Invocations
  9838 | D:9      | Received a gift from Nemelex Xobeh
  9919 | D:10     | Entered Level 10 of the Dungeon
  9929 | D:10     | Learned a level 2 spell: Blink
 10110 | D:10     | Found a glowing golden altar of the Shining One.
 10192 | D:10     | Reached skill level 1 in Translocations
 10488 | D:10     | Noticed a two-headed ogre
 10502 | D:10     | Killed a two-headed ogre
 10502 | D:10     | Reached XP level 11. HP: 48/64 MP: 6/18
 10512 | D:10     | Received a gift from Nemelex Xobeh
 10534 | D:10     | Reached *** piety under Nemelex Xobeh
 10932 | D:10     | Found a staircase to the Lair.
 10995 | D:10     | Learned a level 3 spell: Conjure Flame
 10999 | Lair:1   | Entered Level 1 of the Lair of Beasts
 11003 | Lair:1   | Noticed Grum
 11163 | Lair:1   | Noticed Grum
 11163 | Lair:1   | Grum changed into Grum the worm
 11167 | Lair:1   | Killed Grum the worm
 11310 | Lair:1   | Noticed Erica
 11325 | Lair:1   | Killed Erica
 11818 | Lair:1   | Received a gift from Nemelex Xobeh
 12470 | Lair:1   | Noticed a seven-headed hydra
 12480 | Lair:1   | Killed a seven-headed hydra
 13158 | Lair:2   | Reached XP level 12. HP: 47/73 MP: 19/19
 13244 | Lair:2   | Noticed Fannar
 13397 | Lair:2   | Found a hole to the Spider Nest.
 13685 | Lair:2   | Killed Fannar
 13778 | Lair:2   | Reached **** piety under Nemelex Xobeh
 13817 | Lair:2   | Noticed Urug
 13824 | Lair:2   | Killed Urug
 14246 | Lair:3   | Noticed a seven-headed hydra
 14255 | Lair:3   | Killed a seven-headed hydra
 14298 | Lair:3   | Got a steaming ring mail
 14311 | Lair:3   | Identified the +0 ring mail of an ice cave {rN+} (You found it on level 3 of the Lair of Beasts)
 14464 | Lair:3   | Found a dark tunnel.
 14473 | Volcano  | Entered a volcano
 14486 | Volcano  | Noticed a red draconian
 14494 | Volcano  | Killed a red draconian
 14537 | Volcano  | Noticed a two-headed ogre
 14544 | Volcano  | Killed a two-headed ogre
 14564 | Volcano  | Noticed a two-headed ogre
 14564 | Volcano  | Noticed an ogre mage
 14564 | Volcano  | Noticed a two-headed ogre
 14567 | Volcano  | Killed an ogre mage
 14567 | Volcano  | Killed a two-headed ogre
 14571 | Volcano  | Killed a two-headed ogre
 14662 | Volcano  | Noticed a two-headed ogre
 14671 | Volcano  | Killed a two-headed ogre
 14815 | Lair:3   | Reached skill level 1 in Staves
 15338 | Lair:3   | Reached XP level 13. HP: 71/80 MP: 20/20
 15364 | Lair:3   | Received a gift from Nemelex Xobeh
 15670 | Lair:3   | Found a staircase to the Shoals.
 16252 | Lair:4   | Reached skill level 10 in Armour
 16621 | Lair:4   | Reached skill level 10 in Fighting
 16632 | Lair:4   | Reached skill level 10 in Invocations
 16944 | Lair:4   | Received a gift from Nemelex Xobeh
 17932 | Lair:5   | Found a staircase to the Slime Pits.
 18073 | Lair:5   | Reached ***** piety under Nemelex Xobeh
 18532 | Lair:5   | Reached skill level 5 in Staves
 18804 | Lair:5   | Received a gift from Nemelex Xobeh
 19094 | Lair:6   | Entered Level 6 of the Lair of Beasts
 19119 | Lair:6   | Received a gift from Nemelex Xobeh
 19191 | Lair:6   | Mangled by a seven-headed hydra

Vault maps used:
D:1:      dpeg_cavernosity, doesnt_xom_only_xom
D:2:      kennysheep_six_static_rooms, first_bread, lexackson_kobold_supper,
          uniq_sigmund, uniq_natasha
D:3:      kb_forest_paths, old_standard_altar, bh_walls_and_bars
D:4:      uniq_duvessa
D:5:      temple_hall, basic_altar
D:6:      serial_shops, shop, grunt_decor_arrowhead, lemuel_old_faithful
D:7:      serial_shops, nicolae_shop_window_shopping, shop, shop, shop,
          uniq_joseph
D:8:      grunt_ogre_cave
D:9:      orc_0_dummy, basic_altar
D:10:     david_lair_shrubbed, tso_metal_star
Temple:   minmay_crystal_snake_temple
Lair:1:   portal_ice_cave_entry_pillars_1, cheibrodos_lair_lostbears,
          uniq_erica, uniq_grum
Lair:2:   nicolae_spider_entry_non_spiders, uniq_fannar, uniq_urug
Lair:3:   minmay_shoals_entry_hut, nicolae_volcano_entry_lava_flow,
          lemuel_fruit_fields
Lair:4:   kennysheep_abandoned_house, grunt_megastairs_3,
          minmay_lair_oklob_chamber
Lair:5:   slime_dummy, infiniplex_staircase_pool_2
Lair:6:   gammafunk_lair_ancient_temple, grunt_forest_small_clearing_treed
Volcano:  volcano_pools

Skill      XL: |  1  2  3  4  5  6  7  8  9 10 11 12 13 |
---------------+----------------------------------------+-----
Conjurations   | 2 3 4 5 |  5.9
Air Magic      | 1 2 3 4 |  4.2
Poison Magic   | 4 5 6 7 |  7.6
Shields        | 2 3 4 |  4.4
Invocations    | 1 4 5 7 9 10 | 10.9
Maces & Flails | 1 4 5 7 8 |  8.5
Fighting       | 1 4 6 8 9 10 | 10.9
Armour         | 1 4 6 8 9 10 | 10.9
Spellcasting   | 4 5 |  5.1
Translocations | 2 |  2.0
Staves         | 2 5 |  5.2
Dodging        | |  1.5
Stealth        | |  2.1

Action                   |  1- 3 |  4- 6 |  7- 9 | 10-12 | 13-15 || total
-------------------------+-------+-------+-------+-------+-------++-------
Melee: Mace              |    67 |   145 |   856 |    20 |       ||  1088
       Morningstar       |       |       |       |   404 |       ||   404
       Lajatang          |       |       |       |    65 |   314 ||   379
 Cast: Sting             |    33 |    40 |    38 |     7 |     4 ||   122
       Poisonous Vapours |     4 |    19 |    69 |   115 |    37 ||   244
       Mephitic Cloud    |       |     1 |     7 |    14 |     1 ||    23
       Olgreb's Toxic Ra |       |       |     3 |     6 |    16 ||    25
       Conjure Flame     |       |       |       |       |     3 ||     3
Invok: Triple Draw       |       |       |       |     1 |     1 ||     2
Evoke: Wand              |       |       |     3 |       |       ||     3
       Deck              |       |       |     5 |    32 |     7 ||    44
  Use: Scroll            |       |       |    13 |     9 |     5 ||    27
       Potion            |       |       |       |     2 |     1 ||     3
 Stab: Sleeping          |     1 |       |     6 |     1 |       ||     8
       Confused          |       |       |     2 |     9 |       ||    11
  Eat: Chunk             |     1 |     9 |    25 |    19 |    11 ||    65
       Meat ration       |       |       |       |     1 |     1 ||     2
Armor: Robe              |    48 |    51 |   498 |   241 |       ||   838
       Ring mail         |       |    13 |       |    77 |   267 ||   357
Dodge: Dodged            |    75 |   100 |   517 |   353 |   228 ||  1273
Block: Buckler           |       |    19 |   217 |   107 |       ||   343
